 Dungeon Crawl Stone Soup version 0.27.1-3-gb3d3a73c9e (webtiles) character file.

Game seed: 3082219549857544866

48 Crownlay the Digger (level 3, -1/19 HPs)
             Began as a Gargoyle Earth Elementalist on Oct 17, 2021.
             Killed from afar by Ijyb (16 damage)
             ... with a bolt of acid
             ... on level 3 of the Dungeon.
             The game lasted 00:03:05 (2449 turns).

Crownlay the Digger (Gargoyle Earth Elementalist)   Turns: 2449, Time: 00:03:06

Health: -1/19      AC:  6    Str: 11    XL:     3   Next: 72%
Magic:  6/7        EV: 11    Int: 16    God:
Gold:   51         SH:  0    Dex: 10    Spells: 2/8 levels left

rFire    . . .     SeeInvis .   h - +3 dagger (venom)
rCold    . . .     Faith    .   (no shield)
rNeg     + . .     Spirit   .   b - +0 robe
rPois    ∞         Reflect  .   (no helmet)
rElec    +         Harm     .   (no cloak)
rCorr    .         Rampage  .   m - +0 pair of gloves
Will     .....                  (no boots)
Stlth    ++........             (no amulet)
HPRegen  0.06/turn              (no ring)
MPRegen  0.10/turn              (no ring)

@: no status effects
A: sickness immunity, AC +3, negative energy resistance 1, electricity
resistance, torment resistance 1, petrification resistance
a: no special abilities


You were on level 3 of the Dungeon.
You visited 1 branch of the dungeon, and saw 3 of its levels.

You collected 51 gold pieces.

Inventory:

Hand Weapons
 h - a +3 dagger of venom (weapon)
Missiles
 c - 112 stones
 e - 8 poisoned darts (quivered)
Armour
 b - a +0 robe (worn)
 m - a +0 pair of gloves (worn)
Magical Staves
 l - a staff of poison
Scrolls
 a - a scroll of immolation {unknown}
 i - a scroll of noise {unknown}
 k - a scroll of magic mapping {unknown}
 o - a scroll of fog {unknown}
Potions
 d - a potion of flight {unknown}
 f - a potion of heal wounds {unknown}
 g - a potion of resistance {unknown}
 j - a potion of mutation {unknown}
 n - 2 potions of curing {unknown}


   Skills:
 - Level 1.5 Dodging
 - Level 2.1 Stealth
 + Level 3.0 Spellcasting
 - Level 0.7 Transmutations
 + Level 4.6 Earth Magic


You had 2 spell levels left.
You knew the following spells:

 Your Spells              Type           Power      Damage    Failure   Level
a - Sandblast             Erth           34%        2d9       2%          1
b - Stone Arrow           Conj/Erth      18%        3d8       22%         3
c - Passwall              Tmut/Erth      9%         N/A       10%         2

Your spell library contained the following spells:

 Spells                   Type           Power      Damage    Failure   Level
 Magic Dart               Conj           8%         1d3       19%         1
 Call Imp                 Summ           2%         N/A       28%         2
 Mephitic Cloud           Conj/Pois/Air  2%         N/A       50%         3
 Petrify                  Tmut/Erth      11%        N/A       52%         4


Dungeon Overview and Level Annotations

Branches:
Dungeon (3/15)

Altars:
Trog

Annotations:
D:3 Ijyb


Innate Abilities, Weirdness & Mutations

You are immune to sickness and miasma.
Your stone body is resilient. (AC +3)
You are immune to poison.
You resist negative energy. (rN+)
You are resistant to electric shocks. (rElec)
You are resistant to unholy torment.
You are immune to petrification.


Message History

You climb downwards.
Found an escape hatch in the floor.
There is a stone staircase leading up here.
A giant cockroach is nearby!
You throw a poisoned dart.
The poisoned dart hits the giant cockroach.
The giant cockroach is poisoned.
You kill the giant cockroach!
Your Spellcasting skill increases to level 3!
No target in view!
A goblin comes into view. It is wielding a +0 club.
You throw a poisoned dart. The poisoned dart hits the goblin.
The goblin shouts!
An endoplasm comes into view.
You see here a giant cockroach corpse.
You throw a poisoned dart. The poisoned dart hits the goblin.
The goblin barely misses you.
You throw a poisoned dart. The poisoned dart hits the goblin.
The goblin is poisoned.
Ijyb the Twisted Goblin comes into view.
She is wielding a +0 dagger of draining and carrying a wand of acid (9).
The goblin hits you with a +0 club.
You throw a poisoned dart.
The poisoned dart barely misses the goblin.
Ijyb shouts!
The goblin closely misses you.
Casting: Sandblast (safe; 2% risk of failure)
Confirm with . or Enter, or press ? or * to list all spells.
The spell is potentially lethal to cast (22% risk of failure)!
Continue anyway?
Okay, then.
Casting: Stone Arrow (potentially lethal; 22% risk of failure)
Confirm with . or Enter, or press ? or * to list all spells.
Aiming: Sandblast (safe; 2% risk of failure)
Press: ? - help, Shift-Dir - straight line, f - Ijyb, p - goblin
Aim: Ijyb, wielding a +0 dagger of draining, wearing a +0 scale mail and carrying a wand of acid (9) (77% to hit)
The blast of sand hits Ijyb but does no damage.
c - 112 stones You kill the goblin!
Ijyb zaps a wand.
The bolt of acid hits you!
Ouch! That really hurt!
You die...

## .. #. ## #( .#
# #. .######
###.##J####......>
....g..@..<.......
##....(......#####
....#.########
##.... ..## .. .


You could see Ijyb and an endoplasm.

Vanquished Creatures
  A dart slug (D:1)
  4 endoplasms
  3 giant cockroaches
  7 goblins
  5 hobgoblins
  A jackal (D:1)
  5 kobolds
  2 quokkas
  6 ball pythons (D:1)
  2 bats (D:1)
  5 rats
41 creatures vanquished.

Notes
Turn   | Place    | Note
-------+----------+-------------------------------------------
     0 | D:1      | Crownlay the Gargoyle Earth Elementalist began the quest
                  | for the Orb.
     0 | D:1      | Reached XP level 1. HP: 10/10 MP: 3/3
   244 | D:1      | Reached XP level 2. HP: 15/15 MP: 0/5
   272 | D:1      | Reached skill level 4 in Earth Magic
   339 | D:1      | Found a bloodstained altar of Trog.
   796 | D:1      | Reached XP level 3. HP: 8/19 MP: 3/6
  1652 | D:2      | Learned a level 3 spell: Stone Arrow
  1655 | D:2      | Learned a level 2 spell: Passwall
  2447 | D:3      | Noticed Ijyb
  2449 | D:3      | Killed from afar by Ijyb

Illustrated notes

Levels and vault maps discovered:
D:1:      lightli_molten_gateway, layout_basic, minmay_tree_intersection,
          minmay_hexomino_r4
D:2:      layout_basic
D:3:      layout_rooms, ebering_ghost_sewer_d, uniq_ijyb

Skill      XL: |  1  2  3 |
---------------+----------+-----
Earth Magic    | 4 |  4.6
Spellcasting   | 3 |  3.0
Dodging        | |  1.5
Stealth        | |  2.1
Transmutations | |  0.7

Action                   || total
-------------------------++-------
Melee: Unarmed           ||    20
       Dagger            ||    53
Throw: Dart              ||    53
       Stone             ||     3
 Cast: Sandblast         ||    13
 Stab: Sleeping          ||     3
Armor: Robe              ||    37
Dodge: Dodged            ||    58
